 Dungeon Crawl Stone Soup version 0.16.1-51-g6203257 (webtiles) character file.

287 uhvn the Sneak (level 6, -3/30 HPs)
             Began as a Vine Stalker Enchanter on July 13, 2015.
             Slain by an ogre
             ... wielding a +0 giant spiked club
              (21 damage)
             ... on level 4 of the Dungeon.
             The game lasted 00:17:50 (2706 turns).

uhvn the Sneak (Vine Stalker Enchanter)             Turns: 2706, Time: 00:17:50

Health: -3/30      AC:  4    Str: 11    XL:     6   Next: 30%
Magic:  0/15       EV: 13    Int: 15    God:
Gold:   236        SH:  0    Dex: 16    Spells: 3 memorised, 6 levels left

rFire  . . .     SeeInvis .     a - +1 dagger
rCold  . . .     Clarity  .     b - +1 robe
rNeg   . . .     SustAb   .     (no shield)
rPois  .         Gourm    .     (no helmet)
rElec  .         Spirit   +     (no cloak)
rCorr  .         Warding  .     (no gloves)
rMut   .         Stasis   .     n - +0 pair of boots
MR     .....                    (no amulet)
Stlth  ++........               (no ring)
                                (no ring)

@: not resistant to hostile enchantments, unstealthy
A: fangs 2, regeneration 2, magic shield, antimagic bite, no device heal 3, rot
immunity
a: no special abilities


You were on level 4 of the Dungeon.
You were very hungry.

You visited 1 branch of the dungeon, and saw 4 of its levels.

You collected 236 gold pieces.

Inventory:

Hand weapons
 a - a +1 dagger (weapon)
 m - a +0 short sword
Armour
 b - a +1 robe (worn)
 n - a +0 pair of boots (worn)
Jewellery
 w - a cursed -3 ring of evasion {unknown}
Magical devices
 p - a wand of random effects (38)
 r - a wand of random effects (42)
 s - a wand of polymorph (0)
 v - a wand of polymorph (0)
Scrolls
 g - 6 scrolls of identify {unknown}
 h - 2 scrolls of fear {unknown}
 j - 3 scrolls of remove curse {unknown}
 l - a scroll of fog {unknown}
 q - 4 scrolls of teleportation {unknown}
 u - a scroll of amnesia {unknown}
 y - a scroll of enchant weapon {unknown}
Potions
 e - a potion of ambrosia {unknown}
 f - a potion of degeneration {unknown}
 i - a potion of haste {unknown}
 z - a potion of magic {unknown}
Books
 c - a book of Maledictions

   Spells                             Type                      Level
   a - Corona                         Hexes                        1
   b - Sure Blade                     Hexes/Charms                 2
   c - Ensorcelled Hibernation        Hexes/Ice                    2
   d - Confuse                        Hexes                        3
   e - Dazzling Spray                 Conjuration/Hexes            3
   f - Enslavement                    Hexes                        4
Comestibles
 d - 3 bread rations
 k - a meat ration
 o - 3 fruits
 t - a slice of pizza
 x - a royal jelly


   Skills:
 + Level 1.5 Fighting
 * Level 2.6 Short Blades
 + Level 2.3 Dodging
 + Level 4.5 Stealth
 * Level 3.4 Spellcasting
 - Level 3.0 Hexes
 + Level 1.5 Charms
 + Level 1.7 Ice Magic


You had 6 spell levels left.
You knew the following spells:

 Your Spells              Type           Power        Failure   Level  Hunger
a - Corona                Hex            ##.....      8%          1    None
b - Ensorcelled Hibernat  Hex/Ice        #.....       12%         2    ##.....
c - Sure Blade            Hex/Chrm       #.........   12%         2    ##.....


Dungeon Overview and Level Annotations

Branches:
Dungeon (4/15)
 Temple: D:4-7

Altars:

Annotations:
D:3 jnmwhg's ghost, weakling MfSk


Innate Abilities, Weirdness & Mutations

You have extremely sharp teeth.
You heal very quickly.
When hurt, damage is shared between your health and your magic reserves.
Your bite disrupts and absorbs the magic of your enemies.
Potions and wands cannot restore your health.
You are immune to rotting.


Message History

Aiming: Ensorcelled Hibernation
Press: ? - help, Shift-Dir - straight line, f/p - ogre
Aim: an ogre, wielding a giant spiked club (lightly wounded, chance 40%)
The ogre looks drowsy...
The ogre shouts!
Found a scroll labeled KAUH AMAPH.
You see here a scroll labeled KAUH AMAPH.
A bat comes into view.
You hear the slow hiss of a very distant avalanche of sand.
You enter the shallow water.
Moving in this stuff is going to be slow.
The ogre closely misses you. The worm bites you but does no damage.
The worm barely misses you.
The ogre hits you with a giant spiked club!
The worker ant completely misses you. The worker ant misses you.
The ogre hits you but does no damage. The worker ant bites you.
A bat comes into view.
The ogre hits you with a giant spiked club!!
Ouch! That really hurt!
You die...

##.####..♣≈P≈≈≈≈≈≈≈♣♣##..........
##..♣≈P≈≈≈≈≈≈≈≈≈♣♣..........
##..≈≈≈≈≈P≈≈≈≈≈≈≈≈≈P.........
##..♣≈≈≈P≈≈≈P≈≈≈≈≈P≈≈≈........
#...♣.P≈.P≈P≈≈PP≈≈≈P♣.........
#.......≈....≈.≈≈♣≈♣#########.
#..............!..... #.
##≈P≈≈≈............... #.
#P♣♣≈≈≈≈P≈≈a@≈b...... #.
###P♣≈≈≈w≈≈OPPP...... #.
##♣≈≈≈♣≈≈≈♣♣..!... #. #.♣♣♣♣♣♣♣♣
...... #. ## ..### #. #.# ##. .#
#.. #.# #.#


You could see a worm, an ogre, a worker ant and a bat.

Vanquished Creatures
  Sigmund (D:3)
  Ijyb (D:2)
  Jessica (D:2)
  Terence (D:2)
  4 gnolls (D:3)
  3 adders
  2 giant mites
  2 worms (D:2)
  3 giant geckos
  3 oozes
  An orc (D:3)
  3 giant cockroaches
  2 hobgoblins
  3 quokkas
  2 ball pythons
  8 bats
  2 giant newts
  8 goblins
  11 jackals
  8 kobolds
  2 rats (D:2)
71 creatures vanquished.

Notes
Turn   | Place    | Note
--------------------------------------------------------------
     0 | D:1      | uhvn, the Vine Stalker Enchanter, began the quest for the Orb.
     0 | D:1      | Reached XP level 1. HP: 9/9 MP: 3/3
   126 | D:1      | Reached skill level 1 in Short Blades
   207 | D:1      | Reached XP level 2. HP: 5/13 MP: 0/6
   219 | D:1      | Learned a level 2 spell: Ensorcelled Hibernation
   222 | D:1      | Learned a level 2 spell: Sure Blade
   385 | D:1      | Reached XP level 3. HP: 16/16 MP: 7/7
   631 | D:2      | Noticed Jessica
   639 | D:2      | Killed Jessica
   639 | D:2      | Reached skill level 1 in Ice Magic
   796 | D:2      | Reached XP level 4. HP: 13/21 MP: 3/9
   927 | D:2      | Noticed Terence
   988 | D:2      | Noticed Ijyb
  1021 | D:2      | Killed Terence
  1021 | D:2      | Reached skill level 1 in Charms
  1218 | D:2      | Killed Ijyb
  1347 | D:2      | Reached skill level 4 in Stealth
  1372 | D:2      | Reached XP level 5. HP: 25/25 MP: 5/12
  1532 | D:2      | Reached skill level 1 in Fighting
  1755 | D:3      | Noticed jnmwhg's ghost (weakling MfSk)
  1969 | D:3      | Noticed Sigmund
  1985 | D:3      | Killed Sigmund
  1985 | D:3      | Gained mutation: You heal very quickly. [vine stalker growth]
  1985 | D:3      | Reached XP level 6. HP: 7/30 MP: 5/15
  2706 | D:4      | Slain by an ogre

Action                   |  1- 3 |  4- 6 || total
-------------------------+-------+-------++-------
Melee: Dagger            |   124 |   177 ||   301
 Cast: Sure Blade        |    10 |    18 ||    28
       Ensorcelled Hiber |     1 |    20 ||    21
 Stab: Sleeping          |     3 |    17 ||    20
  Eat: Chunk             |       |     7 ||     7
       Fruit             |       |     1 ||     1
